 Dungeon Crawl Stone Soup version 0.31-a0-345-g1ebeae05c6 (webtiles) character file.

Game seed: 583302330923967518

11307 zazu2006 the Prestidigitator (level 11, -3/83 HPs)
             Began as a Gnoll Wanderer on July 22, 2023.
             Was a Believer of Vehumet.
             Slain by a boulder beetle (18 damage)
             ... on level 1 of the Lair of Beasts.
             The game lasted 00:39:02 (14258 turns).

zazu2006 the Prestidigitator (Gnoll Wanderer)      Turns: 14258, Time: 00:39:03

Health: -3/83      AC: 10    Str: 13    XL:     11   Next: 75%
Magic:  27/30      EV: 15    Int: 14    God:    Vehumet [**....]
Gold:   509        SH:  0    Dex: 18    Spells: 20/23 levels left

rFire   . . .        h - staff of earth
rCold   . . .        (no shield)
rNeg    + . .        s - +1 ring mail of Shadows and Fog {Str+3 SInv}
rPois   .            k - +0 helmet
rElec   .            (no cloak)
rCorr   .            (no gloves)
SInv    +            u - +0 pair of boots
Will    .....        (no amulet)
Stlth   +++          t - ring of magical power
HPRegen 0.33/turn    i - ring "Folix" {+Blink rN+ Dex+3}
MPRegen 0.22/turn

%: no passive effects
@: very slightly contaminated
A: fangs 1, strong nose, distributed training
a: Renounce Religion, Evoke Blink


You were on level 1 of the Lair of Beasts.
You worshipped Vehumet.
Vehumet was pleased with you.
You visited 3 branches of the dungeon, and saw 12 of its levels.

You collected 509 gold pieces.

Inventory:

Hand Weapons
 f - a +2 dagger of venom
 v - the +3 dagger of Dissent {drain, +Blink}
   (You took it off a kobold on level 4 of the Dungeon)

   +Blink:    It lets you blink.
Missiles
 G - 2 throwing nets
Armour
 g - a +0 leather armour of fire resistance
 j - a +0 buckler
 k - a +0 helmet (worn)
 s - the +1 ring mail of Shadows and Fog (worn) {Str+3 SInv}
   (You found it on level 4 of the Dungeon)

   Str:       It affects your strength (+3).
   SInv:      It lets you see invisible.
 u - a +0 pair of boots (worn)
Magical Staves
 h - a staff of earth (weapon)
Jewellery
 i - the ring "Folix" (right hand) {+Blink rN+ Dex+3}
   (You found it on level 1 of the Lair of Beasts)

   [ring of positive energy]

   Dex:       It affects your dexterity (+3).
   rN:        It protects you from negative energy.
   +Blink:    It lets you blink.
 t - a ring of magical power (left hand)
 A - a ring of positive energy
Talismans
 o - a beast talisman
Wands
 x - a wand of polymorph (8)
 I - a wand of flame (25)
Scrolls
 d - a scroll of identify
 e - 4 scrolls of immolation
 l - 2 scrolls of teleportation
 p - 4 scrolls of revelation
 w - a scroll of enchant weapon {unknown}
 y - a scroll of amnesia {unknown}
 B - 3 scrolls of enchant armour {unknown}
 C - 2 scrolls of brand weapon {unknown}
 D - 2 scrolls of fog {unknown}
 J - a scroll of blinking {unknown}
 L - a scroll of fear {unknown}
Potions
 a - a potion of lignification
 c - 6 potions of attraction
 m - a potion of magic {unknown}
 n - 3 potions of curing
 q - a potion of might
 r - 3 potions of haste
 z - a potion of heal wounds
 E - a potion of brilliance
 F - a potion of resistance
 H - 2 potions of enlightenment
 K - a potion of mutation
Miscellaneous
 b - a box of beasts (inert) (quivered)


   Skills:
 + Level 6.7 Fighting
 + Level 6.7 Short Blades
 + Level 6.7 Long Blades
 + Level 6.7 Axes
 + Level 6.7 Maces & Flails
 + Level 6.7 Polearms
 + Level 8.2 Staves
 + Level 6.7 Ranged Weapons
 + Level 6.7 Throwing
 + Level 7.2 Armour
 + Level 8.2 Dodging
 + Level 7.2 Stealth
 + Level 6.7 Shields
 + Level 6.7 Unarmed Combat
 + Level 6.7 Spellcasting
 + Level 5.5 Conjurations
 + Level 5.5 Hexes
 + Level 5.5 Summonings
 + Level 5.5 Necromancy
 + Level 5.5 Translocations
 + Level 5.5 Transmutations
 + Level 5.5 Fire Magic
 + Level 5.5 Ice Magic
 + Level 5.5 Air Magic
 + Level 5.5 Earth Magic
 + Level 5.5 Poison Magic
 + Level 7.3 Invocations
 + Level 10.9 Evocations
 + Level 5.5 Shapeshifting


You had 20 spell levels left.
You knew the following spells:

 Your Spells              Type           Power      Damage    Failure   Level
a - Foxfire               Conj/Fire      80%        2x1d8     2%          1
b - Blink                 Tloc           40%        N/A       4%          2

Your spell library contained the following spells:

 Spells                   Type           Power      Damage    Failure   Level
 Inner Flame              Hex/Fire       20%        N/A       9%          3
 Freeze                   Ice            80%        1d9       2%          1
 Lesser Beckoning         Tloc           40%        N/A       4%          2
 Momentum Strike          Conj/Tloc      40%        3d9       4%          2
 Frozen Ramparts          Ice            40%        1d7       9%          3
 Hailstorm                Conj/Ice       20%        3d6       9%          3
 Conjure Ball Lightning   Conj/Air       10%        3x3d6     99%         6
 Plasma Beam              Fire/Air       10%        2x1d21    99%         6
 Starburst                Conj/Fire      10%        6d5       99%         6
 Discord                  Hex            10%        N/A       100%        8
 Disjunction              Tloc           10%        N/A       100%        8


Dungeon Overview and Level Annotations

Branches:
Dungeon (10/15)            Temple (1/1) D:5            Lair (1/5) D:8
    Orc (0/2) D:10

Altars:
Ashenzari
Dithmenos
Elyvilon
Fedhas
Gozag
Hepliaklqana
Kikubaaqudgha
Makhleb
Nemelex Xobeh
Okawaru
Qazlal
Ru
Sif Muna
Trog
Uskayaw
Vehumet
Wu Jian
Xom
Yredelemnul
Zin
The Shining One

Shops:
D:10 (


Innate Abilities, Weirdness & Mutations

You have very sharp teeth.
Your uncanny sense of smell can sniff out nearby items.
Your experience applies equally to all skills.


Message History

Casting: Foxfire (safe; 2% risk of failure)
Confirm with . or Enter, or press ? or * to list all spells.
You conjure some foxfire!
The foxfire hits the boulder beetle but does no damage.
The boulder beetle is moderately wounded.
The foxfire hits the boulder beetle but does no damage.
The boulder beetle is moderately wounded.
The foxfire hits the boulder beetle but does no damage.
The boulder beetle is moderately wounded.
The foxfire hits the boulder beetle.
The boulder beetle is moderately wounded.
Your mature batox beast hits the boulder beetle but does no damage.
Your mature batox beast tramples the boulder beetle but does no damage.
The boulder beetle leaps!
Casting: Foxfire (safe; 2% risk of failure)
Confirm with . or Enter, or press ? or * to list all spells.
You conjure some foxfire!
The boulder beetle leaps!
The boulder beetle curls into a ball and begins rolling!
Your foxfire dissipates!
Casting: Foxfire (safe; 2% risk of failure)
Confirm with . or Enter, or press ? or * to list all spells.
You conjure some foxfire!
Your foxfire dissipates!
Unknown command.
Your mature batox beast hits the boulder beetle.
Your mature batox beast tramples the boulder beetle but does no damage.
The boulder beetle attacks as you move away!
The boulder beetle hits you!!
* * * LOW HITPOINT WARNING * * *
The boulder beetle stops rolling and uncurls.
The boulder beetle curls into a ball and begins rolling!
Casting: Foxfire (safe; 2% risk of failure)
Confirm with . or Enter, or press ? or * to list all spells.
You miscast Foxfire.
You are very lightly contaminated with residual magic.
Nothing appears to happen.
Your mature batox beast hits the boulder beetle!
Your mature batox beast tramples the boulder beetle but does no damage.
The boulder beetle hits you!!
You die...

## ##################.
############........).........
####........##...#######....###~#
..................≈≈§≈##^...#~~~~
####...P##.......#≈≈≈≈##....~~~~~
#P...####.###.@≈≈≈≈≈##....#~~~~
####...####.###.B#.#..#P.....###.
#.##...##....##..○.H.....°○○.....
........P.....#..................
.............####.###P.....##.°.#
.............# ### ###...###°h.#
.............## ##...##○...#
........#.....# #...........
........#....## #...........


You could see a boulder beetle (rolling, ally target) and a friendly mature
batox beast (summoned).

Vanquished Creatures
  A two-headed ogre (D:10)
  A black mamba (Lair:1)
  Maggie (D:6)
  A cane toad (Lair:1)
  2 komodo dragons (Lair:1)
  A hornet (D:9)
  2 trolls (D:9)
  Grinder (D:4)
  Prince Ribbit (D:5)
  A wyvern (D:8)
  A vampire (D:9)
  14 yaks
  A steam dragon (D:6)
  Menkaure (D:7)
  Edmund (D:4)
  Duvessa (D:6)
  2 water moccasins
  2 sky beasts
  9 orc warriors
  3 black bears
  2 ice beasts
  A centaur (D:7)
  2 ogres
  A phantom (D:5)
  A kobold brigand (D:6)
  A gnoll sergeant (D:8)
  4 bullfrogs
  3 scorpions
  10 wights
  Dowan (D:6)
  A howler monkey (D:6)
  4 crimson imps (D:3)
  A gnoll bouda (D:6)
  6 hounds
  8 orc priests
  A jelly (D:7)
  A sleepcap (D:6)
  Jessica (D:3)
  Natasha (thrice) (D:3)
  2 iguanas
  3 orc wizards
  Robin (D:1)
  6 adders
  12 gnolls
  2 river rats (D:8)
  4 white imps
  An ufetubus (D:5)
  2 dart slugs
  45 orcs
  6 ball pythons
  A bat (D:2)
  8 endoplasms
  2 giant cockroaches (D:2)
  16 goblins
  9 hobgoblins
  8 jackals
  7 quokkas
  5 frilled lizards
  10 kobolds
  12 rats
261 creatures vanquished.

Vanquished Creatures (collateral kills)
  A death yak (D:8)
  A polar bear (Lair:1)
  A wraith (D:10)
  2 orc warriors (D:10)
  A howler monkey (D:8)
  An orc wizard (D:10)
  2 orcs (D:10)
  2 foxfires
11 creatures vanquished.

Vanquished Creatures (others)
  A yak (D:10)
  An orc wizard (D:4)
  738 foxfires
740 creatures vanquished.

Grand Total: 1012 creatures vanquished

Notes
Turn   | Place    | Note
-------+----------+-------------------------------------------
     0 | D:1      | zazu2006 the Gnoll Wanderer began the quest for the Orb.
     0 | D:1      | zazu2006 set off with the following items: a +0
                  | quarterstaff, a box of beasts, a potion of attraction, a
                  | potion of berserk rage, a +0 leather armour.
     0 | D:1      | Reached XP level 1. HP: 13/13 MP: 1/1
    40 | D:1      | Reached XP level 2. HP: 13/20 MP: 2/2
   506 | D:2      | Found an iron altar of Okawaru.
   510 | D:2      | Noticed Robin
   572 | D:1      | Killed Robin
   573 | D:1      | Reached XP level 3. HP: 18/25 MP: 2/4
   622 | D:2      | Reached skill level 1 in Invocations
   708 | D:2      | Reached skill level 1 in Fighting
   708 | D:2      | Reached skill level 1 in Short Blades
   708 | D:2      | Reached skill level 1 in Long Blades
   708 | D:2      | Reached skill level 1 in Axes
   708 | D:2      | Reached skill level 1 in Maces & Flails
   708 | D:2      | Reached skill level 1 in Polearms
   708 | D:2      | Reached skill level 1 in Ranged Weapons
   708 | D:2      | Reached skill level 1 in Throwing
   708 | D:2      | Reached skill level 1 in Shields
   708 | D:2      | Reached skill level 1 in Unarmed Combat
   708 | D:2      | Reached skill level 1 in Spellcasting
   911 | D:2      | Reached XP level 4. HP: 32/32 MP: 5/5
  1235 | D:2      | Reached skill level 1 in Conjurations
  1235 | D:2      | Reached skill level 1 in Hexes
  1235 | D:2      | Reached skill level 1 in Summonings
  1235 | D:2      | Reached skill level 1 in Necromancy
  1235 | D:2      | Reached skill level 1 in Translocations
  1235 | D:2      | Reached skill level 1 in Transmutations
  1235 | D:2      | Reached skill level 1 in Fire Magic
  1235 | D:2      | Reached skill level 1 in Ice Magic
  1235 | D:2      | Reached skill level 1 in Air Magic
  1235 | D:2      | Reached skill level 1 in Earth Magic
  1235 | D:2      | Reached skill level 1 in Poison Magic
  1235 | D:2      | Reached skill level 1 in Shapeshifting
  1415 | D:3      | Noticed Jessica
  1424 | D:3      | Killed Jessica
  1425 | D:3      | Reached XP level 5. HP: 35/37 MP: 5/7
  1720 | D:3      | Noticed Natasha
  1732 | D:3      | Killed Natasha
  1859 | D:3      | Found a shimmering altar of Xom.
  1871 | D:3      | Reached XP level 6. HP: 25/44 MP: 8/8
  1897 | D:3      | Learned a level 1 spell: Foxfire
  2039 | D:3      | Noticed Natasha
  2049 | D:3      | Killed Natasha
  2050 | D:3      | Reached skill level 5 in Staves
  2050 | D:3      | Reached skill level 5 in Dodging
  2122 | D:3      | Found a white marble altar of Elyvilon.
  2122 | D:3      | Found a shadowy altar of Dithmenos.
  2413 | D:3      | Noticed Natasha
  2420 | D:3      | Killed Natasha
  2940 | D:4      | Reached XP level 7. HP: 18/51 MP: 3/10
  3001 | D:4      | Identified the +1 ring mail of Shadows and Fog {Str+3 SInv}
  3146 | D:4      | Identified the +3 dagger of Dissent {drain, +Blink}
  3539 | D:4      | Noticed Edmund
  3549 | D:4      | Killed Edmund
  3550 | D:4      | Reached skill level 9 in Evocations
  3600 | D:4      | Noticed Grinder
  3602 | D:4      | Killed Grinder
  3603 | D:4      | Reached XP level 8. HP: 52/58 MP: 12/12
  3836 | D:4      | Found a shimmering blue altar of Sif Muna.
  4035 | D:5      | Entered Level 5 of the Dungeon
  4323 | D:5      | HP: 1/58 [ogre/+0 giant club (21)]
  4865 | D:5      | Found a staircase to the Ecumenical Temple.
  4876 | Temple   | Entered the Ecumenical Temple
  5271 | D:5      | Found a glowing silver altar of Zin.
  5271 | D:5      | Noticed Prince Ribbit
  5279 | D:5      | Killed Prince Ribbit
  5570 | D:6      | Reached XP level 9. HP: 60/65 MP: 14/14
  5688 | D:6      | Found a radiant altar of Vehumet.
  5701 | D:6      | Became a worshipper of Vehumet
  5915 | D:6      | Noticed Duvessa
  5917 | D:6      | Noticed Dowan
  5918 | D:6      | Reached skill level 5 in Armour
  5939 | D:6      | Killed Duvessa
  5939 | D:6      | Noticed Maggie
  5946 | D:6      | Killed Dowan
  5952 | D:6      | Killed Maggie
  5953 | D:6      | Reached skill level 5 in Stealth
  6049 | D:6      | Reached skill level 5 in Invocations
  6566 | D:7      | Found a basalt altar of Yredelemnul.
  6612 | D:7      | Reached * piety under Vehumet
  6612 | D:7      | Offered knowledge of Freeze by Vehumet.
  6880 | D:7      | Learned a level 2 spell: Blink
  6893 | D:7      | Noticed Menkaure
  6908 | D:7      | Killed Menkaure
  6909 | D:7      | Reached XP level 10. HP: 42/73 MP: 17/17
  7135 | D:7      | Reached skill level 5 in Fighting
  7135 | D:7      | Reached skill level 5 in Short Blades
  7135 | D:7      | Reached skill level 5 in Long Blades
  7135 | D:7      | Reached skill level 5 in Axes
  7135 | D:7      | Reached skill level 5 in Maces & Flails
  7135 | D:7      | Reached skill level 5 in Polearms
  7135 | D:7      | Reached skill level 5 in Ranged Weapons
  7135 | D:7      | Reached skill level 5 in Throwing
  7135 | D:7      | Reached skill level 5 in Shields
  7135 | D:7      | Reached skill level 5 in Unarmed Combat
  7135 | D:7      | Reached skill level 5 in Spellcasting
  7186 | D:7      | Reached skill level 10 in Evocations
  7628 | D:7      | Found a bloodstained altar of Trog.
  8283 | D:8      | Noticed a death yak
  8478 | D:8      | Found a burning altar of Makhleb.
  8654 | D:8      | Noticed a death yak
  9278 | D:10     | Entered Level 10 of the Dungeon
  9346 | D:10     | Noticed a two-headed ogre
  9362 | D:10     | Reached ** piety under Vehumet
  9362 | D:10     | Offered knowledge of Poisonous Vapours by Vehumet.
  9532 | D:10     | Noticed an orc knight
  9846 | D:8      | Found a staircase to the Lair.
 10168 | D:8      | Reached XP level 11. HP: 42/81 MP: 19/19
 10359 | D:8      | Reached skill level 5 in Conjurations
 10359 | D:8      | Reached skill level 5 in Hexes
 10359 | D:8      | Reached skill level 5 in Summonings
 10359 | D:8      | Reached skill level 5 in Necromancy
 10359 | D:8      | Reached skill level 5 in Translocations
 10359 | D:8      | Reached skill level 5 in Transmutations
 10359 | D:8      | Reached skill level 5 in Fire Magic
 10359 | D:8      | Reached skill level 5 in Ice Magic
 10359 | D:8      | Reached skill level 5 in Air Magic
 10359 | D:8      | Reached skill level 5 in Earth Magic
 10359 | D:8      | Reached skill level 5 in Poison Magic
 10359 | D:8      | Reached skill level 5 in Shapeshifting
 10899 | D:8      | Noticed a death yak
 10908 | D:8      | Killed a death yak
 11166 | D:10     | Offered knowledge of Inner Flame by Vehumet.
 11314 | D:10     | Noticed a deep elf pyromancer
 11355 | D:10     | Found Guhehuefeh's Weapon Shoppe.
 11896 | D:10     | Found a staircase to the Orcish Mines.
 12228 | D:10     | Reached *** piety under Vehumet
 12547 | D:10     | Killed a two-headed ogre
 12774 | Lair:1   | Entered Level 1 of the Lair of Beasts
 13165 | Lair:1   | Found a hide-covered altar of Uskayaw.
 13165 | Lair:1   | Noticed a boulder beetle
 13930 | Lair:1   | Found an ornate altar of the Wu Jian Council.
 13930 | Lair:1   | Identified the ring "Folix" {+Blink rN+ Dex+3}
 14258 | Lair:1   | Slain by a boulder beetle

Illustrated notes

Levels and vault maps discovered:
D:1:      dreamdust_arrival_beginning_and_end, layout_basic,
          roderic_roman_lattice
D:2:      layout_loops_ring, basic_altar, minmay_rat_gold_closets, uniq_robin
D:3:      layout_basic, led_xom_imps, amethyst_overflow_temple_binary,
          uniq_natasha, uniq_jessica
D:4:      layout_gridville, mainiacjoe_overflow_surrounded_room,
          nicolae_overflow_hidden_temple, uniq_edmund, uniq_grinder
D:5:      layout_loops_ring, zin_treasury, minmay_temple_entry_butterflies,
          uniq_prince_ribbit1
D:6:      layout_rooms, mainiacjoe_overflow_six_doors_small, uniq_duvessa,
          uniq_maggie
D:7:      layout_basic, lemuel_tele_altar, lightli_temple_of_fire,
          hangedman_glass_teeth, uniq_menkaure
D:8:      layout_basic, lemuel_crystal_altar, dpeg_lair_monsters
D:9:      layout_cave_pools
D:10:     layout_grid_maze, david_orc_5, serial_shops, shop,
          lightli_corner_chamber
Temple:   minmay_temple_forest_path
Lair:1:   layout_gridlike, nzn_masters_of_martial_movement

Skill      XL: |  1  2  3  4  5  6  7  8  9 10 11 |
---------------+----------------------------------+-----
Invocations    | 1 2 3 4 5 6 7 |  7.3
Fighting       | 1 2 3 4 5 6 |  6.7
Short Blades   | 1 2 3 4 5 6 |  6.7
Long Blades    | 1 2 3 4 5 6 |  6.7
Axes           | 1 2 3 4 5 6 |  6.7
Maces & Flails | 1 2 3 4 5 6 |  6.7
Polearms       | 1 2 3 4 5 6 |  6.7
Ranged Weapons | 1 2 3 4 5 6 |  6.7
Throwing       | 1 2 3 4 5 6 |  6.7
Shields        | 1 2 3 4 5 6 |  6.7
Unarmed Combat | 1 2 3 4 5 6 |  6.7
Spellcasting   | 1 2 3 4 5 6 |  6.7
Conjurations   | 1 2 3 4 5 |  5.5
Hexes          | 1 2 3 4 5 |  5.5
Summonings     | 1 2 3 4 5 |  5.5
Necromancy     | 1 2 3 4 5 |  5.5
Translocations | 1 2 3 4 5 |  5.5
Transmutations | 1 2 3 4 5 |  5.5
Fire Magic     | 1 2 3 4 5 |  5.5
Ice Magic      | 1 2 3 4 5 |  5.5
Air Magic      | 1 2 3 4 5 |  5.5
Earth Magic    | 1 2 3 4 5 |  5.5
Poison Magic   | 1 2 3 4 5 |  5.5
Shapeshifting  | 1 2 3 4 5 |  5.5
Armour         | 3 4 5 6 7 |  7.2
Stealth        | 3 4 5 6 7 |  7.2
Staves         | 5 6 7 8 |  8.2
Dodging        | 5 6 7 8 |  8.2
Evocations     | 9 10 | 10.9

Action                     |  1- 3 |  4- 6 |  7- 9 | 10-12 || total
---------------------------+-------+-------+-------+-------++-------
  Melee: Quarterstaff      |    95 |   190 |    95 |       ||   380
         Bite              |    10 |    17 |    31 |    83 ||   141
         Staff             |       |       |   166 |   524 ||   690
         Punch             |       |       |     7 |    26 ||    33
   Cast: Foxfire           |       |    38 |   119 |   275 ||   432
         Blink             |       |       |       |     3 ||     3
  Evoke: Wand              |       |     1 |    13 |    22 ||    36
         Box of beasts     |       |       |     1 |     3 ||     4
    Use: Scroll            |       |       |     3 |    12 ||    15
         Potion            |       |       |     1 |     3 ||     4
   Stab: Sleeping          |     6 |     6 |       |     2 ||    14
         Distracted        |       |       |       |     1 ||     1
 Armour: Leather armour    |    20 |    32 |       |       ||    52
         Ring mail         |       |       |    52 |    67 ||   119
  Dodge: Dodged            |    63 |   126 |   102 |   157 ||   448

Table legend: (Time is in decaauts)
 A = Elapsed time spent in this place.
 B = Non-inter-level travel time spent in this place.
 C = Inter-level travel time spent in this place.
 D = Time resting spent in this place.
 E = Time spent auto-exploring this place.
 F = Levels seen in this place.
 G = Mean time per level.
                   A        B        C        D        E       F      G
               +--------+--------+--------+--------+--------+-----+--------+
         Total |  14265 |  13816 |    449 |   1245 |   9100 |  12 | 1188.8 |
       Dungeon |  12781 |  12337 |    444 |   1140 |   8042 |  10 | 1278.1 |
        Temple |      8 |      4 |      4 |      0 |      0 |   1 |    8.0 |
          Lair |   1475 |   1475 |      0 |    105 |   1058 |   1 | 1475.0 |
               +--------+--------+--------+--------+--------+-----+--------+

Top non-repeatable levels by time:
     D:8: 1846 daAuts
    D:10: 1669 daAuts
     D:4: 1543 daAuts
     D:5: 1502 daAuts
     D:7: 1482 daAuts
  Lair:1: 1475 daAuts
     D:9: 1246 daAuts
     D:3: 1109 daAuts
     D:6: 956 daAuts
     D:2: 850 daAuts
     D:1: 573 daAuts
  Temple: 8 daAuts
